 Dungeon Crawl Stone Soup version 0.30-a0-279-g4b46babb21 (webtiles) character file.

Game seed: 2422306462464589596

67 slphil the Shield-Bearer (level 4, 0/37 HPs)
             Began as a Formicid Fighter on Oct 17, 2022.
             Slain by Grinder (7 damage)
             ... on level 3 of the Dungeon.
             The game lasted 00:02:07 (1505 turns).

slphil the Shield-Bearer (Formicid Fighter)         Turns: 1505, Time: 00:02:07

Health: 0/37       AC:  6    Str: 22    XL:     4   Next: 38%
Magic:  13/13      EV:  9    Int:  8    God:
Gold:   58         SH:  6    Dex: 19    Spells: 3/3 levels left

rFire   . . .      SeeInvis +    a - +0 quarterstaff
rCold   . . .      Faith    .    c - +0 buckler
rNeg    . . .      Spirit   .    b - +0 scale mail
rPois   .          Reflect  .    (helmet unavailable)
rElec   .          Harm     .    (no cloak)
rCorr   .          Rampage  .    (no gloves)
Will    .....                    (no boots)
Stlth   ..........               (no amulet)
HPRegen 0.26/turn                p - ring of magical power
MPRegen 0.13/turn                s - +6 ring of dexterity

@: no status effects
A: permanent stasis, dig shafts and tunnels, antennae 3, four strong arms
a: Dig, Shaft Self


You were on level 3 of the Dungeon.
You visited 1 branch of the dungeon, and saw 3 of its levels.

You collected 58 gold pieces.

Inventory:

Hand Weapons
 a - a +0 quarterstaff (weapon)
Armour
 b - a +0 scale mail (worn)
 c - a +0 buckler (worn)
 r - an orb of light
Jewellery
 p - a ring of magical power (left hand)
 s - a +6 ring of dexterity (right hand)
 u - a ring of wizardry
 v - a +4 ring of evasion
Scrolls
 f - 2 scrolls of butterflies {unknown}
 j - 2 scrolls of immolation {unknown}
 k - 2 scrolls of teleportation {unknown}
 o - a scroll of identify {unknown}
 t - a scroll of magic mapping {unknown}
Potions
 d - a potion of might
 e - a potion of ambrosia {unknown}
 g - a potion of berserk rage {unknown}
 h - 2 potions of curing {unknown}
 i - a potion of lignification {unknown}
 l - 2 potions of degeneration {unknown}
 m - a potion of invisibility {unknown}
 n - a potion of attraction {unknown}
 q - a potion of heal wounds {unknown}


   Skills:
 + Level 4.0 Fighting
 * Level 3.5 Staves
 - Level 3.3 Armour
 - Level 4.1 Shields


You had 3 spell levels left.
You didn't know any spells.
Your spell library contained the following spells:

 Spells                   Type           Power      Damage    Failure   Level
 Inner Flame              Hex/Fire       0%         N/A       99%         3
 Cause Fear               Hex            0%         N/A       100%        4
 Discord                  Hex            0%         N/A       100%        8


Dungeon Overview and Level Annotations

Branches:
Dungeon (3/15)

Altars:

Shops:
D:2 *

Annotations:
D:3 Grinder


Innate Abilities, Weirdness & Mutations

You cannot be hasted, slowed, berserked, paralysed or teleported.
You can dig through walls and to a lower floor.
You have a pair of large antennae on your head. (SInv)
Your four strong arms can wield two-handed weapons with a shield.


Message History

You barely miss Grinder. Grinder barely misses you.
You hit Grinder.
Grinder is lightly wounded.
Grinder gestures at you. Pain shoots through your body!
You closely miss Grinder.
Grinder is lightly wounded.
Grinder hits you!
You writhe in agony.
Grinder gestures at you.
Your stasis prevents you from being paralysed.
You closely miss Grinder.
Grinder is lightly wounded.
Grinder barely misses you.
You sock Grinder!
Grinder is moderately wounded.
Grinder gestures at you. Pain shoots through your body!
You are too injured to fight recklessly!
You hit Grinder.
Grinder is heavily wounded.
Grinder hits you.
You writhe in agony.
* * * LOW HITPOINT WARNING * * *
You closely miss Grinder.
Grinder is heavily wounded.
Grinder barely misses you.
Unknown command.
You hit Grinder.
Grinder is severely wounded.
Grinder hits you but does no damage. Grinder hits you.
* * * LOW HITPOINT WARNING * * *
You writhe in agony.
* * * LOW HITPOINT WARNING * * *
You closely miss Grinder.
Grinder is severely wounded.
Grinder hits you but does no damage.
Unknown command.
You hit Grinder but do no damage.
Grinder is severely wounded.
Grinder hits you!
You die...

.##.# ####.#
#.# .##.# #.#
#.# .# .##.#
#.# #.# .#
..#.### #.# #<#
.# ......#
#.###.# .#
....#.# #.....#
.# .####.#
####### .# ##
#.###########5#
#...........@.#
###############


You could see Grinder.

Vanquished Creatures
  Jessica (D:2)
  2 adders (D:2)
  A ball python (D:2)
  2 endoplasms (D:1)
  A giant cockroach (D:1)
  2 goblins
  4 hobgoblins
  5 kobolds
  A quokka (D:2)
  A bat (D:2)
  2 frilled lizards
  A rat (D:1)
23 creatures vanquished.

Vanquished Creatures (others)
  A demonspawn (D:1)
  A draconian (D:1)
  A gargoyle (D:1)
  An elf (D:1)
  A formicid (D:1)
  A human (D:1)
  3 demigods (D:1)
  2 ogres (D:1)
  A tengu (D:1)
  A gnoll (D:1)
  An orc (D:1)
  A kobold (D:1)
  4 tentacles (D:1)
19 creatures vanquished.

Grand Total: 42 creatures vanquished

Notes
Turn   | Place    | Note
-------+----------+-------------------------------------------
     0 | D:1      | slphil the Formicid Fighter began the quest for the Orb.
     0 | D:1      | Reached XP level 1. HP: 18/18 MP: 1/1
     2 | D:1      | Noticed a gargoyle
     2 | D:1      | Noticed a draconian
     2 | D:1      | Noticed a demonspawn
     2 | D:1      | Noticed an ogre
     2 | D:1      | Noticed a kraken
     2 | D:1      | Noticed a demigod
     2 | D:1      | Noticed an elf
     2 | D:1      | Noticed an ogre
     2 | D:1      | Noticed a human
     2 | D:1      | Noticed a demigod
     2 | D:1      | Noticed a demigod
     2 | D:1      | Noticed a formicid
     2 | D:1      | Noticed a tengu
     3 | D:1      | Killed a demigod
     5 | D:1      | Killed a tengu
     6 | D:1      | Killed an ogre
     8 | D:1      | Killed an elf
     9 | D:1      | Killed a demigod
    10 | D:1      | Killed a human
    10 | D:1      | Killed a formicid
    10 | D:1      | Killed a demigod
    10 | D:1      | Killed a gargoyle
    11 | D:1      | Killed an ogre
    14 | D:1      | Killed a draconian
    16 | D:1      | Killed a demonspawn
   360 | D:1      | Reached XP level 2. HP: 24/24 MP: 2/2
   728 | D:2      | Found Buatetou's Assorted Antiques.
   765 | D:2      | Reached XP level 3. HP: 28/29 MP: 3/3
  1255 | D:2      | Noticed Jessica
  1266 | D:2      | Killed Jessica
  1267 | D:2      | Reached XP level 4. HP: 15/37 MP: 4/4
  1495 | D:3      | Noticed Grinder
  1505 | D:3      | Slain by Grinder

Illustrated notes

Levels and vault maps discovered:
D:1:      nicolae_arrival_kraken_aquarium_b, layout_basic, serial_forest,
          infiniplex_forest_corner_1, infiniplex_forest_lined_room_,
          infiniplex_forest_3_way, infiniplex_forest_straight_3,
          infiniplex_forest_end_3, infiniplex_forest_lined_room_,
          infiniplex_forest_end_3, infiniplex_forest_lined_2,
          infiniplex_forest_clump_double
D:2:      layout_rooms, serial_shops, shop, kennysheep_pointless_box,
          uniq_jessica
D:3:      layout_loops_ring, gammafunk_ghost_icy, reono_crystal_passage,
          uniq_grinder

Skill      XL: |  1  2  3 |
---------------+----------+-----
Staves         | 3 |  3.5
Fighting       | 4 |  4.0
Armour         | |  3.3
Shields        | |  4.1

Action                   |  1- 3 |  4- 6 || total
-------------------------+-------+-------++-------
Melee: Quarterstaff      |    66 |    22 ||    88
Armor: Scale mail        |    24 |     5 ||    29
Dodge: Dodged            |    24 |     5 ||    29
Block: Buckler           |    14 |     5 ||    19

Table legend: (Time is in decaauts)
 A = Elapsed time spent in this place.
 B = Non-inter-level travel time spent in this place.
 C = Inter-level travel time spent in this place.
 D = Time resting spent in this place.
 E = Time spent auto-exploring this place.
 F = Levels seen in this place.
 G = Mean time per level.
                   A        B        C        D        E       F      G
               +--------+--------+--------+--------+--------+-----+--------+
         Total |   1521 |   1504 |     17 |     86 |   1178 |   3 |  507.0 |
       Dungeon |   1521 |   1504 |     17 |     86 |   1178 |   3 |  507.0 |
               +--------+--------+--------+--------+--------+-----+--------+

Top non-repeatable levels by time:
     D:1: 732 daAuts
     D:2: 694 daAuts
     D:3: 94 daAuts
